[Event "Early-Titled-Tuesday-Blitz-February-13-2024"]
[Site "Chess.com"]
[Date "2024.02.13"]
[Round "4"]
[White "Yan_Dyomin2010"]
[Black "ProfessorChess101"]
[Result "1-0"]
[WhiteElo "2599"]
[BlackElo "2798"]
[TimeControl "180+1"]
[EndTime "8:42:42 PST"]
[Termination "Yan_Dyomin2010 won by resignation"]

1. e4 e5 2. Nf3 Nc6 3. Bb5 a6 4. Ba4 b5 5. Bb3 Na5 6. O-O d6 7. d4 exd4 8. Nxd4 Nf6 9. Bd2 c5 10. Bd5 Nxd5 11. exd5 cxd4 12. Qe1+ Qe7 13. Bxa5 Qxe1 14.
Rxe1+ Kd7 15. Bb6 Bb7 16. Bxd4 Bxd5 17. Nc3 Bb7 18. Ne2 Be7 19. Nf4 Rhc8 20. c3 g6 21. Nd3 Bf8 22. a4 Re8 23. Rxe8 Kxe8 24. f3 Kd7 25. Kf2 Bc6 26. Nb4 Bb7 27. axb5 axb5 28. Re1 Re8 29. Rxe8 Kxe8 30. g4 Bh6 31. h4 Kd7 32.
Nc2 Bc1 33. b4 Ke6 34. Be3 Bb2 35. Nd4+ Kd5 36. Nxb5 Bc6 37. Nc7+ Kc4 38. Bd4 Bxc3 39. Bxc3 Kxc3 40. b5 Bb7 41. Ne8 Kb4 42. Nxd6 Bd5 43. b6 Kc5 44. b7 1-0

[Event "Early-Titled-Tuesday-Blitz-February-13-2024"]
[Site "Chess.com"]
[Date "2024.02.13"]
[Round "4"]
[White "Irina_Mikhaylova"]
[Black "dealshark"]
[Result "0-1"]
[WhiteElo "2272"]
[BlackElo "2218"]
[TimeControl "180+1"]
[EndTime "8:42:42 PST"]
[Termination "dealshark won by resignation"]

1. d4 Nf6 2. Nf3 d5 3. c4 e6 4. Nc3 Be7 5. Bg5 O-O 6. e3 c5 7. cxd5 Nxd5 8. Bxe7 Nxe7 9. dxc5 Nd7 10. b4 a5 11. a3 b6 12. Bc4 bxc5 13. b5 Nb6 14. Qe2 Bb7 15. Rd1 Qc7 16. O-O Rad8 17. h3 Ng6 18. Bb3 Qc8 19. Bc2 Qa8 20. e4 Nf4 21. Qe3 Qb8 22. g3 Ng6 23. Qxc5 Rc8 24. Qe3 Nc4 25. Qc1 Nce5 26. Nxe5 Qxe5 27. Rd3 Rxc3 28. Qd2 Rxd3 29. Qxd3 Qc7 30. e5 Rd8 31. Qe2 Qxe5 32.
Qxe5 Nxe5 33. a4 Nf3+ 34. Kg2 Nd2+ 35. f3 Nxf1 0-1

[Event "Early-Titled-Tuesday-Blitz-February-13-2024"]
[Site "Chess.com"]
[Date "2024.02.13"]
[Round "4"]
[White "newyorkmouse"]
[Black "KuzubovYuriy"]
[Result "0-1"]
[WhiteElo "2663"]
[BlackElo "2926"]
[TimeControl "180+1"]
[EndTime "8:42:44 PST"]
[Termination "KuzubovYuriy won by resignation"]

1. Nf3 d5 2. c4 d4 3. e3 dxe3 4. fxe3 g6 5. d4 Bg7 6. Nc3 c5 7. h3 Qc7 8. Kf2 Nf6 9. Be2 O-O 10. Re1 Nbd7 11. d5 Nh5 12. Kg1 Nb6 13. Qc2 Bxh3 14. gxh3 Qg3+ 15. Kf1 Qxh3+ 16. Kf2 Qg3+ 17. Kf1 Nf6 18.
Bd1 Nxc4 19. Qh2 Qxh2 20. Nxh2 Nd7 21. Nf3 a6 22. a4 h6 23. e4 g5 24. Be2 Nd6 25.
Bd3 c4 26. Bc2 Ne5 27. Kg2 b5 28. Re2 b4 29. Nd1 Rab8 30. Nd4 Rfc8 31. Ne3 b3 32. Bb1 Nd3 33. Nc6 Nxc1 34. Re1 Bxb2 35. Nxe7+ Kf8 36. Nxc8 Rxc8 37. a5 Bxa1 38. Rxc1 c3 39. Nf5 Nxf5 40. exf5 c2 41. Bxc2 Rxc2+ 0-1

[Event "Early-Titled-Tuesday-Blitz-February-13-2024"]
[Site "Chess.com"]
[Date "2024.02.13"]
[Round "4"]
[White "Gabrielian_Artur"]
[Black "ViIIagra"]
[Result "0-1"]
[WhiteElo "2789"]
[BlackElo "2965"]
[TimeControl "180+1"]
[EndTime "8:42:45 PST"]
[Termination "ViIIagra won on time"]

1. e4 d6 2. d4 Nf6 3. Nc3 e5 4. Nf3 Nbd7 5. Bc4 Be7 6. O-O O-O 7. a4 c6 8. Re1 h6 9. h3 Re8 10. a5 exd4 11. Qxd4 Nc5 12. Bf4 Ne6 13. Bxe6 Bxe6 14. a6 b6 15. Rad1 d5 16. Qa4 b5 17. Qd4 dxe4 18.
Nxe4 Qb6 19. Nxf6+ Bxf6 20. Be5 Bxe5 21. Qxb6 axb6 22.
Nxe5 c5 23. Rd6 Rxa6 24. Nd3 Rea8 25. Nf4 Bf5 26. Nd5 Bxc2 27. Re7 Bb3 28. Nc7 Ra1+ 29. Kh2 R8a2 30. Rxb6 Rxb2 31. Rxb5 Raa2 32. Re3 c4 33. Nd5 Rxf2 34. Rg3 Bc2 35. Rb8+ Kh7 36. Re8 Bg6 37. Re7 Rae2 38. Rc7 Be4 39. Ne3 Rxe3 0-1

[Event "Early-Titled-Tuesday-Blitz-February-13-2024"]
[Site "Chess.com"]
[Date "2024.02.13"]
[Round "4"]
[White "ChristopherYoo"]
[Black "djano"]
[Result "1-0"]
[WhiteElo "2982"]
[BlackElo "2664"]
[TimeControl "180+1"]
[EndTime "8:42:45 PST"]
[Termination "ChristopherYoo won by checkmate"]

1. Nf3 c5 2. c4 g6 3. g3 Bg7 4. Bg2 Nf6 5. O-O O-O 6. b3 d6 7. d4 Nc6 8. Bb2 cxd4 9. Nxd4 Bd7 10. Nc3 Rc8 11. Rc1 Qa5 12. e3 Rfd8 13. h3 a6 14. Re1 h5 15. a4 Qb6 16. Rb1 Be8 17. Nde2 Nb4 18. Nf4 e6 19. e4 Nd7 20. Nce2 Ne5 21. Bd4 Qc7 22. Qd2 Nbc6 23. Be3 b6 24. Red1 Qb8 25. Nd4 Na5 26. Ndxe6 fxe6 27. Nxe6 Rd7 28. Nxg7 Kxg7 29. f4 Nf7 30. Bd4+ Kg8 31. f5 Nc6 32. Bf6 Nfe5 33. Qg5 Kh7 34. Rf1 Rf7 35. fxg6+ Nxg6 36. Qxh5+ Kg8 37. Qxg6+ Kf8 38. Qh6+ Kg8 39. Qh8# 1-0

[Event "Early-Titled-Tuesday-Blitz-February-13-2024"]
[Site "Chess.com"]
[Date "2024.02.13"]
[Round "4"]
[White "Szparu"]
[Black "DrCeltic"]
[Result "1/2-1/2"]
[WhiteElo "2790"]
[BlackElo "2571"]
[TimeControl "180+1"]
[EndTime "8:42:45 PST"]
[Termination "Game drawn by repetition"]

1. e4 c5 2. Nf3 e6 3. c3 Nf6 4. e5 Nd5 5. d4 cxd4 6. cxd4 d6 7.
Bc4 Nc6 8. O-O Be7 9. Qe2 O-O 10. Bd2 Bd7 11. Nc3 dxe5 12. dxe5 Ncb4 13. Ne4 Qb6 14. Rfd1 Bc6 15. a3 Na6 16. b4 Nac7 17. Bg5 Bxg5 18. Nfxg5 h6 19. Qh5 Nf4 20. Nf6+ gxf6 21. Qxh6 fxg5 22.
Bd3 Ng6 23. Bxg6 fxg6 24. Qxg6+ Kh8 25. Qh6+ Kg8 26. Qxg5+ Kf7 27. Qh5+ Ke7 28. Qh4+ Ke8 29. Qh5+ Rf7 30. Qh8+ Ke7 31. Qh4+ Ke8 32. Qh8+ Rf8 33. Qh5+ Ke7 34. Qh4+ Ke8 35. Qh5+ 1/2-1/2

[Event "Early-Titled-Tuesday-Blitz-February-13-2024"]
[Site "Chess.com"]
[Date "2024.02.13"]
[Round "4"]
[White "Harry_Rakkel"]
[Black "Road2GM3000"]
[Result "1-0"]
[WhiteElo "2698"]
[BlackElo "2468"]
[TimeControl "180+1"]
[EndTime "8:42:46 PST"]
[Termination "Harry_Rakkel won on time"]

1. e4 c5 2. Nf3 d6 3. d4 cxd4 4. Nxd4 Nf6 5. Nc3 a6 6. h4 e5 7. Nb3 Be6 8. f4 exf4 9. Bxf4 Nc6 10. Qd2 Be7 11. O-O-O Ne5 12. Nd4 O-O 13. Nf5 Bxf5 14. exf5 Qc7 15. Nd5 Nxd5 16. Qxd5 Rac8 17. Rd2 Rfd8 18.
Rh3 Nc4 19. Rc3 b5 20. Bxc4 bxc4 21. Rd4 Qc5 22. Qxc5 Rxc5 23. Rcxc4 Rxf5 24. g3 g5 25. hxg5 Bxg5 26. Rc6 Bxf4+ 27. gxf4 a5 28. Kd2 h5 29.
Ke3 Rf6 30. a4 Re8+ 31. Kf3 Rfe6 32. Rc3 h4 33. Rd5 Rh6 34. Rxa5 h3 35. Rg5+ Kh7 36. Rg1 h2 37. Rh1 Rg8 38. Kf2 Rg4 39. Rf3 Rhh4 40.
a5 Kg7 41. a6 Kf6 42. a7 Rg8 43. Ra3 Rxf4+ 44. Ke3 1-0

[Event "Early-Titled-Tuesday-Blitz-February-13-2024"]
[Site "Chess.com"]
[Date "2024.02.13"]
[Round "4"]
[White "azikom"]
[Black "Flaccidmoves"]
[Result "1-0"]
[WhiteElo "2731"]
[BlackElo "2434"]
[TimeControl "180+1"]
[EndTime "8:42:46 PST"]
[Termination "azikom won by resignation"]

1. c4 e5 2. e3 Nf6 3. Nc3 Bb4 4.
Nge2 O-O 5. a3 Be7 6. d4 exd4 7.
Nxd4 d5 8. Be2 dxc4 9. Bxc4 Nbd7 10.
Nf5 Ne5 11. Nxe7+ Qxe7 12. Be2 Bf5 13. O-O Rad8 14. Qb3 b6 15. f3 Bd3 16. e4 Qc5+ 17. Kh1 Bxe2 18. Nxe2 Nd3 19. h3 Rfe8 20. Ng3 h5 21. Nf5 g6 22. Bg5 gxf5 23. Bxf6 Rd6 24. Bh4 f4 25. Rad1 Qe3 26. Qc2 c5 27. Rd2 Rd4 28.
Re2 Rc4 29. Rxe3 Rxc2 30. Rxd3 Rxb2 31. Rd5 c4 32. Rg5+ Kf8 33. Rxh5 Kg7 34. Rc1 Rc8 35.
Rg5+ Kf8 36. Rf5 c3 37. Bf6 Ke8 38. Rd5 c2 39. Bxb2 1-0

[Event "Early-Titled-Tuesday-Blitz-February-13-2024"]
[Site "Chess.com"]
[Date "2024.02.13"]
[Round "4"]
[White "viviania"]
[Black "betta2004"]
[Result "1-0"]
[WhiteElo "2920"]
[BlackElo "2618"]
[TimeControl "180+1"]
[EndTime "8:42:48 PST"]
[Termination "viviania won by resignation"]

1. e4 e5 2. Nf3 Nf6 3. d4 Nxe4 4.
Bd3 d5 5. Nxe5 Bd6 6. O-O O-O 7. c4 c6 8. cxd5 cxd5 9. Nc3 f5 10. Qb3 Bxe5 11. Bxe4 Bxd4 12. Bxd5+ Kh8 13. Bxb7 Bxb7 14. Qxb7 Nd7 15. Rd1 Nc5 16. Qf3 Ne6 17. Be3 Qb6 18. Rd2 Rad8 19. Rad1 Rfe8 20. h3 g6 21. Nd5 Rxd5 22.
Qxd5 Bxe3 23. fxe3 Qxe3+ 24. Kh1 Rd8 25. Qa5 Re8 26. Rd7 f4 27. Qxa7 Qxa7 28. Rxa7 Ng5 29. a4 Ne4 30. Kg1 Ng3 31. a5 Nf5 32. a6 Ne3 33.
Rc1 Nd5 34. Rb7 f3 35. a7 Rf8 36. gxf3 Nf4 37. Rb8 1-0

[Event "Early-Titled-Tuesday-Blitz-February-13-2024"]
[Site "Chess.com"]
[Date "2024.02.13"]
[Round "4"]
[White "MokshAD1603"]
[Black "Nemegejas"]
[Result "1-0"]
[WhiteElo "2609"]
[BlackElo "2816"]
[TimeControl "180+1"]
[EndTime "8:42:48 PST"]
[Termination "MokshAD1603 won on time"]

1. d4 Nf6 2. c4 g6 3. Nc3 d5 4.
cxd5 Nxd5 5. e4 Nxc3 6. bxc3 Bg7 7. Bc4 c5 8. Ne2 Nc6 9. Be3 O-O 10. O-O Qc7 11. Qd2 Rd8 12. Rac1 b6 13. Rfd1 Na5 14. Bd3 e6 15. h4 Bb7 16. h5 Qe7 17. e5 Qe8 18. h6 Bf8 19. Ng3 Rac8 20. Bg5 Be7 21.
Qf4 Qf8 22. Nh5 cxd4 23. cxd4 Rxc1 24. Rxc1 Nc6 25. Nf6+ Kh8 26. d5 exd5 27. Bb5 Nb4 28. Rc7 Bc8 29. Rxe7 Qxe7 30. Ne8 Qf8 31. Bxd8 d4 32.
Bf6+ Kg8 33. Bg7 Nd5 34. Qxd4 1-0

[Event "Early-Titled-Tuesday-Blitz-February-13-2024"]
[Site "Chess.com"]
[Date "2024.02.13"]
[Round "4"]
[White "chessdjw"]
[Black "Aash20"]
[Result "1-0"]
[WhiteElo "2751"]
[BlackElo "2452"]
[TimeControl "180+1"]
[EndTime "8:42:48 PST"]
[Termination "chessdjw won by checkmate"]

1. e4 c5 2. Nf3 g6 3. d4 cxd4 4. Nxd4 Nc6 5. Nc3 Bg7 6. Be3 Nf6 7. Bc4 O-O 8. Bb3 a5 9. a4 d6 10. O-O Ng4 11. Nxc6 bxc6 12. Bf4 Ba6 13. Qxg4 Bxf1 14. Rxf1 Qc8 15. Qe2 Rb8 16. h4 h5 17. Bg5 Re8 18. Qf3 e6 19. Bf6 Bxf6 20. Qxf6 Qd8 21. Qf4 d5 22. Rd1 Kg7 23. Ne2 Qf6 24. Qxf6+ Kxf6 25. Ng3 Ke5 26. f3 Rb4 27. Kf2 Reb8 28. Ne2 Rxb3 29.
cxb3 Rxb3 30. Rc1 dxe4 31. fxe4 Rxb2 32. Rxc6 Kxe4 33. Rc4+ Ke5 34. Rc5+ Kf6 35. Rxa5 Rb4 36. g3 e5 37. Ra7 Ke6 38. a5 f5 39. Ra6+ Kf7 40.
Rb6 Ra4 41. a6 Ra2 42. Ke3 Ra3+ 43. Kd2 Ra2+ 44. Kd3 Ra3+ 45. Kc4 Re3 46. Nc3 Rxg3 47. a7 Rg4+ 48. Kb5 Rxh4 49. a8=Q Rg4 50. Qa7+ Kg8 51.
Rb8# 1-0

[Event "Early-Titled-Tuesday-Blitz-February-13-2024"]
[Site "Chess.com"]
[Date "2024.02.13"]
[Round "4"]
[White "Nellichka"]
[Black "JG-17"]
[Result "0-1"]
[WhiteElo "2067"]
[BlackElo "2472"]
[TimeControl "180+1"]
[EndTime "8:42:48 PST"]
[Termination "JG-17 won on time"]

1. d4 Nf6 2. c4 d6 3. Nc3 e5 4.
d5 g6 5. Bg5 Bg7 6. e4 Nbd7 7.
Nge2 h6 8. Be3 Ng4 9. Bd2 Nc5 10. Nc1 a5 11. f3 Nf6 12. Be3 Nh5 13. Qd2 f5 14. exf5 gxf5 15. g3 f4 16. Bf2 O-O 17. Nd3 e4 18. fxe4 Bxc3 19. Qxc3 Nxe4 20. Qc2 Nxf2 21.
Nxf2 Re8+ 22. Kd2 fxg3 23. Qg6+ Ng7 24. Bd3 Qg5+ 25. Qxg5 hxg5 26. hxg3 Bf5 27. g4 Bxd3 28.
Kxd3 Re5 29. Ne4 Rae8 30. Nf6+ Kf7 31. Nxe8 Nxe8 32. Raf1+ Kg6 33. Rf8 Nf6 34. Rc8 Re7 35.
Rhh8 Nxg4 36. Rhe8 Ne5+ 37. Kc3 Rf7 38. Rg8+ Kf5 39.
Rcf8 g4 40. Rxf7+ Nxf7 41. Kd3 Ne5+ 42. Kd4 Kf4 43. b3 g3 44. Rg7 Kf3 45. Rxc7 g2 46.
Rf7+ Kg3 47. Rg7+ Ng4 0-1

[Event "Early-Titled-Tuesday-Blitz-February-13-2024"]
[Site "Chess.com"]
[Date "2024.02.13"]
[Round "4"]
[White "Mackster23"]
[Black "crazy_m_attack"]
[Result "0-1"]
[WhiteElo "2675"]
[BlackElo "2466"]
[TimeControl "180+1"]
[EndTime "8:42:49 PST"]
[Termination "crazy_m_attack won by resignation"]

1. e4 e5 2. Nf3 Nc6 3. Bb5 a6 4. Ba4 Nf6 5. O-O Be7 6. d3 b5 7.
Bb3 O-O 8. Nc3 d6 9. a3 Na5 10. Ba2 c5 11. Nd5 Be6 12. b4 cxb4 13.
axb4 Nc6 14. c3 Re8 15. Be3 Bxd5 16. exd5 Nb8 17. Bb3 Nbd7 18. c4 Qb8 19. Bd2 e4 20. Nd4 exd3 21. Nc6 Qb7 22. Bc3 Ne4 23. Bxg7 Kxg7 24.
Qg4+ Bg5 25. f4 Ndf6 26. Qf3 Bh6 27. Qxd3 bxc4 28. Bxc4 Qb6+ 29. Nd4 Kh8 30. Kh1 Bg7 31. Rad1 Ng4 32. h3 Ngf2+ 0-1

[Event "Early-Titled-Tuesday-Blitz-February-13-2024"]
[Site "Chess.com"]
[Date "2024.02.13"]
[Round "4"]
[White "db-banana"]
[Black "campochess"]
[Result "1-0"]
[WhiteElo "2491"]
[BlackElo "2129"]
[TimeControl "180+1"]
[EndTime "8:42:49 PST"]
[Termination "db-banana won by resignation"]

1. e4 c5 2. Nf3 Nc6 3. d4 cxd4 4. Nxd4 e5 5. Nb5 a6 6. N5a3 Bc5 7. c3 Qh4 8. Qf3 Nf6 9. b4 Ba7 10. Bd3 d6 11. Nc4 O-O 12. g3 Qh3 13. Ne3 d5 14.
Nxd5 Nxd5 15. exd5 e4 16. Qxe4 f5 17. Qf4 Qg2 18.
Rf1 Re8+ 19. Be3 Bxe3 20. fxe3 Qb2 21. dxc6 Qxa1 22. Kf2 Qxa2+ 23. Kg1 bxc6 24. Bc4+ Be6 25. Bxa2 Bxa2 26. Nd2 Be6 27. Nf3 Rad8 28. Nd4 Bd7 29. Nxf5 Kh8 30. Qg5 Bxf5 31. Qxf5 h6 32. h4 Rxe3 33.
Qc5 Rxg3+ 34. Kh2 Rgd3 35. Rf8+ Kh7 36. Qf5+ 1-0

[Event "Early-Titled-Tuesday-Blitz-February-13-2024"]
[Site "Chess.com"]
[Date "2024.02.13"]
[Round "4"]
[White "CaspiIsrael"]
[Black "Actuary44"]
[Result "1-0"]
[WhiteElo "2764"]
[BlackElo "2483"]
[TimeControl "180+1"]
[EndTime "8:42:50 PST"]
[Termination "CaspiIsrael won on time"]

1. d4 Nf6 2. c4 g6 3. Nc3 Bg7 4. e4 d6 5. Be2 O-O 6. Nf3 e5 7. O-O Nc6 8. d5 Ne7 9. Ne1 Ne8 10. Nd3 f5 11. f3 f4 12. b4 g5 13. c5 h5 14. h3 Rf6 15. a4 Rg6 16. a5 g4 17.
fxg4 hxg4 18. Bxg4 Bxg4 19. hxg4 Nf6 20. Nf2 Qd7 21.
Qa4 dxc5 22. bxc5 c6 23. d6 Nc8 24. Ra2 a6 25. Qb3+ Kh8 26. Re2 Na7 27. Bb2 Nxg4 28. Nxg4 Qxg4 29. Qxb7 Rg8 30. Qf7 Bf6 31. Rff2 Bh4 32.
Qf5 Bxf2+ 33. Rxf2 Qxf5 34. exf5 Rg5 35. f6 Rf5 36.
Ne4 Nb5 37. Rd2 Nd4 38. Bxd4 exd4 39. Rxd4 f3 40. g3 f2+ 41. Kf1 Rd8 42. g4 Rd5 43. Rxd5 cxd5 44. c6 dxe4 45. c7 Re8 46.
d7 Rf8 47. d8=Q 1-0

[Event "Early-Titled-Tuesday-Blitz-February-13-2024"]
[Site "Chess.com"]
[Date "2024.02.13"]
[Round "4"]
[White "ATM622"]
[Black "ChessSwole"]
[Result "1-0"]
[WhiteElo "2464"]
[BlackElo "2667"]
[TimeControl "180+1"]
[EndTime "8:42:50 PST"]
[Termination "ATM622 won by resignation"]

1. d4 d5 2. c4 e6 3. Nf3 Nf6 4. g3 Be7 5. Bg2 O-O 6. O-O dxc4 7. Ne5 Nc6 8. Bxc6 bxc6 9. Nxc6 Qe8 10. Nxe7+ Qxe7 11.
Qc2 e5 12. dxe5 Qxe5 13. Qxc4 Be6 14. Qf4 Qh5 15. Nc3 h6 16. f3 c6 17. g4 Qa5 18. g5 hxg5 19. Qxg5 Qb4 20. a3 Qc4 21. Qf4 Qb3 22. Kh1 Rfd8 23. Rg1 Kf8 24. Be3 Qc4 25. Qg5 Ne8 26. Bc5+ Kg8 27. Qe7 Qf4 28. Qf8+ Kh7 29. Ne4 f6 30. Qe7 Bd5 31. Rg4 Qh6 32. Ng3 f5 33. Nxf5 Qf6 34. Rxg7+ Qxg7 35. Nxg7 Nxg7 36. Rg1 Rg8 37. Bd4 Kh6 38. Bxg7+ 1-0

[Event "Early-Titled-Tuesday-Blitz-February-13-2024"]
[Site "Chess.com"]
[Date "2024.02.13"]
[Round "4"]
[White "Herzog2012"]
[Black "Khromkin"]
[Result "1-0"]
[WhiteElo "2528"]
[BlackElo "2315"]
[TimeControl "180+1"]
[EndTime "8:42:51 PST"]
[Termination "Herzog2012 won on time"]

1. e4 c5 2. Nf3 Nc6 3. Bb5 g6 4. Bxc6 dxc6 5. d3 Bg7 6. h3 Nh6 7. Nc3 f6 8. Be3 b6 9. O-O e5 10. Nd2 O-O 11. a4 a5 12. Nc4 Be6 13. b3 f5 14.
exf5 gxf5 15. Bxh6 Bxh6 16. Qe2 Bg7 17. Rae1 f4 18. Nxe5 Bc8 19. Qe4 Qg5 20. Nf3 Qh5 21.
Qc4+ Kh8 22. Ne4 Bxh3 23. Neg5 Bg4 24. Qe4 Rae8 25. Qxc6 Rxe1 26. Rxe1 h6 27. Ne6 Rf6 28. Qc8+ Kh7 29. Qd7 1-0

[Event "Early-Titled-Tuesday-Blitz-February-13-2024"]
[Site "Chess.com"]
[Date "2024.02.13"]
[Round "4"]
[White "Iskusnyh"]
[Black "TigrVShlyape"]
[Result "1/2-1/2"]
[WhiteElo "2659"]
[BlackElo "2863"]
[TimeControl "180+1"]
[EndTime "8:42:52 PST"]
[Termination "Game drawn by repetition"]

1. d4 f5 2. c4 Nf6 3. Nf3 e6 4. g3 b6 5. Bg2 Bb4+ 6. Nfd2 c6 7.
O-O d5 8. b3 O-O 9. Ba3 a5 10.
Qc1 Qe7 11. Nf3 Nbd7 12. Bb2 Bd6 13. Nc3 Ba6 14. Re1 Rac8 15. Qd2 Ne4 16. Qc2 g5 17. Rac1 g4 18. Nh4 Qg5 19. f4 Bxf4 20. gxf4 Qxh4 21. Nxe4 fxe4 22. e3 Qe7 23. Qf2 Nf6 24. Kh1 h5 25.
Rg1 Qh7 26. Qh4 Kf7 27. Ba3 Rfd8 28. Bf1 Bb7 29. Be2 Qf5 30. Rgf1 Rd7 31. Qg5 Rg8 32. Qh4 Rc8 33. Qg5 Rg8 34. Qh4 Rc8 1/2-1/2

[Event "Early-Titled-Tuesday-Blitz-February-13-2024"]
[Site "Chess.com"]
[Date "2024.02.13"]
[Round "4"]
[White "sotochess"]
[Black "saraswathii"]
[Result "1-0"]
[WhiteElo "2544"]
[BlackElo "2360"]
[TimeControl "180+1"]
[EndTime "8:42:52 PST"]
[Termination "sotochess won by resignation"]

1. e4 c5 2. Nf3 e6 3. c4 Nc6 4. g3 Nf6 5. Nc3 d5 6. exd5 exd5 7.
cxd5 Nxd5 8. Bg2 Nxc3 9. bxc3 Bg4 10. O-O Be7 11. Qa4 Bd7 12. Re1 O-O 13. Qc2 Re8 14. Rb1 Qc7 15. Ba3 b6 16. d4 cxd4 17. Bxe7 Nxe7 18. Nxd4 Rac8 19. Re3 Ng6 20. Rbe1 Rxe3 21.
Rxe3 h6 22. Bd5 Kf8 23. Qb3 Bh3 24. Nb5 Qd7 25. Qa3+ Kg8 26. Nd6 Rf8 27. c4 Kh7 28.
f4 h5 29. Ne4 f6 30. Nf2 Re8 31.
Rxe8 Qxe8 32. Nxh3 Qe1+ 33. Kg2 Qd2+ 34. Nf2 h4 35.
Qd3 Qxd3 36. Nxd3 1-0

[Event "Early-Titled-Tuesday-Blitz-February-13-2024"]
[Site "Chess.com"]
[Date "2024.02.13"]
[Round "4"]
[White "GelmanAlexander"]
[Black "LeoLV10"]
[Result "1-0"]
[WhiteElo "2761"]
[BlackElo "2549"]
[TimeControl "180+1"]
[EndTime "8:42:53 PST"]
[Termination "GelmanAlexander won by resignation"]

1. d4 Nf6 2. Nc3 d5 3. Bf4 e6 4. Nb5 Na6 5. e3 Be7 6. g4 O-O 7. g5 Ne4 8. f3 Nd6 9. h4 c5 10. c3 cxd4 11. exd4 Nf5 12. Bd3 Bd7 13. a4 Re8 14.
Ne2 Bf8 15. Qd2 Qb6 16. h5 Bxb5 17. Bxb5 Red8 18. Bd3 Rac8 19. Kf2 Re8 20. a5 Qd8 21. Be5 Nb8 22. g6 fxg6 23. hxg6 h6 24. Nf4 Nc6 25. Nxe6 Rxe6 26. Bxf5 Re8 27. Bxc8 Qxc8 28. Qf4 Qe6 29. Rae1 Qxg6 30. Rhg1 Qh5 31. Bxg7 Bxg7 32. Qc7 Qh4+ 33. Rg3 Qh2+ 34. Kf1 Rxe1+ 35. Kxe1 Ne7 36. Rxg7+ Kxg7 37. Qxh2 1-0

[Event "Early-Titled-Tuesday-Blitz-February-13-2024"]
[Site "Chess.com"]
[Date "2024.02.13"]
[Round "4"]
[White "Caroexpert"]
[Black "Amirreza_p"]
[Result "0-1"]
[WhiteElo "2543"]
[BlackElo "2746"]
[TimeControl "180+1"]
[EndTime "8:42:53 PST"]
[Termination "Amirreza_p won on time"]

1. d4 c6 2. c4 d5 3. cxd5 cxd5 4. Bf4 Nc6 5. e3 Bf5 6. Nc3 e6 7. Rc1 Bb4 8. a3 Bxc3+ 9. Rxc3 Nf6 10. Bb5 O-O 11.
Bxc6 bxc6 12. Nf3 Rc8 13. O-O Ne4 14. Rc1 c5 15. dxc5 Nxc5 16. Ne5 f6 17. Nf3 Nd3 18.
Rxc8 Qxc8 19. Nd4 Bg6 20. Bg3 e5 21. Nb5 Qb7 22. Nc3 Rd8 23. Qa4 Nxb2 24. Qa5 Rd7 25. h4 h5 26. f4 Nc4 27. Qc5 Bf7 28.
fxe5 fxe5 29. e4 d4 30. Nd5 Bxd5 31. Qf8+ Kh7 32. exd5 Qxd5 33. Qf5+ g6 34. Qg5 e4 35.
Qf6 Ne3 36. Rc1 Ng4 37. Qf8 Rf7 0-1

[Event "Early-Titled-Tuesday-Blitz-February-13-2024"]
[Site "Chess.com"]
[Date "2024.02.13"]
[Round "4"]
[White "DamianoLew95"]
[Black "DeArron_Fox"]
[Result "1-0"]
[WhiteElo "2723"]
[BlackElo "2514"]
[TimeControl "180+1"]
[EndTime "8:42:54 PST"]
[Termination "DamianoLew95 won on time"]

1. e4 c5 2. Nf3 e6 3. d3 d5 4. Nbd2 Nc6 5. g3 Nf6 6. Bg2 Be7 7. O-O O-O 8. Re1 Qc7 9. Nf1 dxe4 10. dxe4 Rd8 11. Qe2 b6 12. e5 Nd5 13. c3 a5 14. h4 a4 15. a3 Na5 16. Qe4 Bb7 17.
Qg4 Nb3 18. Bh6 Bf8 19. Rad1 Ne7 20. h5 Nf5 21. Bg5 Rxd1 22. Rxd1 h6 23. Bf4 Rd8 24.
Re1 c4 25. Nh4 Nxh4 26. Qxh4 Bc5 27. Bxb7 Rd3 28. Be4 Rd7 29. Qg4 Kh8 30. Rd1 b5 31. Kg2 Qa7 32. Qe2 Na5 33. Rxd7 Qxd7 34. Qd2 Qc7 35.
Be3 Nb3 36. Qd1 Be7 37. f4 Nc5 38. Qd4 Nb3 39. Qb6 Qd7 40. Qb7 Qd8 41. Qa8 Qxa8 42. Bxa8 1-0

[Event "Early-Titled-Tuesday-Blitz-February-13-2024"]
[Site "Chess.com"]
[Date "2024.02.13"]
[Round "4"]
[White "bitter-cikolata"]
[Black "shrek4life02"]
[Result "0-1"]
[WhiteElo "2492"]
[BlackElo "2696"]
[TimeControl "180+1"]
[EndTime "8:42:55 PST"]
[Termination "shrek4life02 won by resignation"]

1. e4 e6 2. d4 d5 3. Nd2 c5 4. exd5 Qxd5 5. Ngf3 Qd6 6. Bc4 a6 7. a4 Nf6 8. O-O Be7 9. Nb3 cxd4 10. Qxd4 Qxd4 11.
Nbxd4 O-O 12. Bf4 Nbd7 13. c3 Nb6 14. Bb3 Nbd5 15. Be5 Nd7 16. Bxd5 Nxe5 17. Bxb7 Bxb7 18. Nxe5 Bd5 19. Nd7 Rfd8 20. Nb6 Rab8 21. Nxd5 Rxd5 22. Nc6 Rb7 23. Nxe7+ Rxe7 24. Rfd1 Rb7 25. Rxd5 exd5 26. b4 Kf8 27. Kf1 d4 28. Ke2 dxc3 29. Kd3 Rxb4 30. Kxc3 a5 31. g3 h5 32. h4 Ke7 33. Re1+ Kf6 34.
Re8 Rxa4 35. Kd3 Rb4 36. Ke3 a4 37. Ra8 Rb3+ 38. Kf4 Ra3 39. Ra6+ Ke7 40. Kg5 g6 41. Ra7+ Ke6 42. Ra6+ Ke5 43. Ra5+ Ke4 44. Kf6 Rf3+ 45.
Kg7 a3 46. Ra4+ Kd5 47. Kh6 Kc5 48. Kg7 Kb5 49. Ra8 Kb4 50. Rb8+ Kc3 51. Rc8+ Kb2 52. Rb8+ Ka1 53. Ra8 a2 54. Kg8 Rxf2 55. Kg7 Kb1 0-1

[Event "Early-Titled-Tuesday-Blitz-February-13-2024"]
[Site "Chess.com"]
[Date "2024.02.13"]
[Round "4"]
[White "ChEsper99"]
[Black "tantaan"]
[Result "0-1"]
[WhiteElo "2217"]
[BlackElo "2498"]
[TimeControl "180+1"]
[EndTime "8:42:55 PST"]
[Termination "tantaan won on time"]

1. Nf3 Nf6 2. g3 d5 3. Bg2 c5 4. d4 Nc6 5. O-O e6 6. c4 dxc4 7. Qa4 a6 8. dxc5 Bxc5 9. Qxc4 Qe7 10. Bf4 b5 11. Qc1 Bb7 12. Ne5 Rc8 13. Nxc6 Bxc6 14. Bxc6+ Rxc6 15. Qd1 O-O 16. Nd2 Rd8 17. Rc1 Rcc8 18.
Qb3 e5 19. Be3 Bxe3 20. Qxe3 Rxc1 21. Rxc1 h6 22. Ne4 Nd5 23. Qc5 Qxc5 24. Nxc5 Rd6 25.
Kf1 Kf8 26. Ke1 Ke7 27. a3 Rc6 28. Nd3 Rxc1+ 29. Nxc1 Kd6 30. Kd2 e4 31. Na2 f5 32.
Nc3 Nb6 33. b3 Ke5 34. Ke3 g5 35. f4+ exf3 36. exf3 Nd5+ 37. Nxd5 Kxd5 38. Kd3 h5 39. b4 Ke5 40. Ke3 Kd5 41. Kd3 g4 42. f4 Kc6 43.
Kd4 Kd6 44. Ke3 Ke6 45. Kd3 Kd5 0-1

[Event "Early-Titled-Tuesday-Blitz-February-13-2024"]
[Site "Chess.com"]
[Date "2024.02.13"]
[Round "4"]
[White "GlavkonVVS"]
[Black "kpio91"]
[Result "0-1"]
[WhiteElo "2604"]
[BlackElo "2895"]
[TimeControl "180+1"]
[EndTime "8:42:56 PST"]
[Termination "kpio91 won on time"]

1. c4 e5 2. Nc3 d6 3. g3 f5 4. Bg2 Nf6 5. d3 Be7 6. Rb1 O-O 7. b4 c6 8. b5 Be6 9. bxc6 bxc6 10. Nf3 Kh8 11. Qa4 Nfd7 12. h4 Nc5 13. Qc2 Bg8 14.
O-O Nbd7 15. Nd2 Rc8 16. e3 f4 17. d4 exd4 18. exd4 Ne6 19. Nf3 Bf6 20. Qd3 fxg3 21.
fxg3 c5 22. d5 Nd4 23. Ne2 h6 24. Nfxd4 cxd4 25. Nxd4 Bh7 26. Nf5 Ne5 27. Qe2 Nxc4 28. Rb4 Re8 29. Qf2 Ne5 30. Nxh6 Rf8 31. Nf5 Nd3 32.
Qd2 Nxb4 33. Qxb4 Bxf5 34. Rxf5 Rxc1+ 35. Kh2 Be5 36. Rxe5 dxe5 37. d6 Rd1 38. d7 Rxd7 0-1

[Event "Early-Titled-Tuesday-Blitz-February-13-2024"]
[Site "Chess.com"]
[Date "2024.02.13"]
[Round "4"]
[White "Alina_Gumerovna"]
[Black "Witty_Alien"]
[Result "0-1"]
[WhiteElo "2094"]
[BlackElo "2290"]
[TimeControl "180+1"]
[EndTime "8:42:56 PST"]
[Termination "Witty_Alien won on time"]

1. e4 c5 2. Nf3 d6 3. d4 cxd4 4.
Nxd4 Nf6 5. Nc3 a6 6. f3 e5 7. Nb3 Be6 8. Be3 Be7 9. Qd2 O-O 10. O-O-O Nbd7 11. Nd5 Nxd5 12. exd5 Bf5 13. Kb1 b5 14. Na5 Qc7 15. Nc6 Nf6 16. g4 Bc8 17. Bg2 Bb7 18. f4 e4 19. g5 Nxd5 20. Nxe7+ Nxe7 21. h4 d5 22. h5 Nf5 23. g6 fxg6 24. hxg6 h6 25.
Bd4 Rac8 26. c3 e3 27. Bxe3 Nxe3 28. Qxe3 Rce8 29. Qd4 Rxf4 30. Qd3 Qe5 0-1